 Dungeon Crawl Stone Soup version 0.28.0-53-g5a82cb258f (webtiles) character file.

Game seed: 2520016271806544489

4440 Zeld the Cleaver (level 10, -1/94 HPs)
             Began as a Minotaur Berserker on May 28, 2022.
             Was a High Priest of Trog.
             Slain by a two-headed ogre
             ... wielding a +0 giant club
              (9 damage)
             ... on level 9 of the Dungeon.
             The game lasted 00:07:27 (9534 turns).

Zeld the Cleaver (Minotaur Berserker)               Turns: 9534, Time: 00:07:28

Health: -1/94      AC: 14    Str: 25    XL:     10   Next: 14%
Magic:  9/9        EV:  9    Int:  8    God:    Trog [*****.]
Gold:   431        SH:  0    Dex: 11    Spells: 9/9 levels left

rFire   . . .      SeeInvis .   d - +10 falchion of Yfuqaq {elec, Int+4}
rCold   . . .      Faith    .   (no shield)
rNeg    . . .      Spirit   .   b - +0 plate armour
rPois   .          Reflect  .   (helmet restricted)
rElec   .          Harm     .   (no cloak)
rCorr   +          Rampage  .   n - +0 pair of gloves
Will    .....                   (no boots)
Stlth   ..........              (no amulet)
HPRegen 0.25/turn               w - ring of resist corrosion
MPRegen 0.11/turn               (no ring)

@: no status effects
A: horns 2, retaliatory headbutt
a: Renounce Religion, Berserk, Trog's Hand, Brothers in Arms


You were on level 9 of the Dungeon.
You worshipped Trog.
Trog was extremely pleased with you.
You visited 2 branches of the dungeon, and saw 10 of its levels.

You collected 431 gold pieces.

Inventory:

Hand Weapons
 a - a +0 war axe
 d - the +10 falchion of Yfuqaq (weapon) {elec, Int+4}
   (You found it on level 6 of the Dungeon)

   It occasionally discharges a powerful burst of electricity upon striking a
   foe.
   Int:       It affects your intelligence (+4).
Armour
 b - a +0 plate armour (worn)
 n - a +0 pair of gloves (worn)
Jewellery
 w - a ring of resist corrosion (left hand)
 x - a ring of ice
Wands
 o - a wand of iceblast (11)
 t - a wand of polymorph (1)
 y - a wand of paralysis (2)
Scrolls
 c - 3 scrolls of magic mapping {unknown}
 f - 4 scrolls of teleportation {unknown}
 h - 3 scrolls of fear {unknown}
 j - 4 scrolls of identify {unknown}
 q - 2 scrolls of blinking {unknown}
 r - a scroll of enchant armour {unknown}
 u - a scroll of fog {unknown}
 A - a scroll of holy word {unknown}
 B - 2 scrolls of amnesia {unknown}
Potions
 e - 4 potions of curing {unknown}
 g - 3 potions of attraction {unknown}
 i - 3 potions of heal wounds
 k - 2 potions of degeneration {unknown}
 l - a potion of haste
 m - 4 potions of ambrosia {unknown}
 p - 4 potions of mutation {unknown}
 s - a potion of resistance
 v - a potion of brilliance
 z - a potion of might {unknown}
Miscellaneous
 C - a piece from Xom's chessboard (15/15)


   Skills:
 * Level 10.9 Fighting
 * Level 10.9 Axes
 + Level 7.5 Armour
 + Level 7.0 Dodging


You had 9 spell levels left.
You didn't know any spells.
Your spell library was empty.

Dungeon Overview and Level Annotations

Branches:
Dungeon (9/15)             Temple (1/1) D:5            Lair (0/6) D:9
    Orc: D:9-12

Altars:
Ashenzari
Cheibriados
Dithmenos
Elyvilon
Fedhas
Gozag
Hepliaklqana
Kikubaaqudgha
Makhleb
Nemelex Xobeh
Okawaru
Qazlal
Ru
Sif Muna
Trog
Uskayaw
Vehumet
Wu Jian
Xom
Yredelemnul
Zin
The Shining One

Shops:
D:7 :


Innate Abilities, Weirdness & Mutations

You have a pair of horns on your head.
You reflexively headbutt those who attack you in melee.


Message History

The killer bee is almost dead.
You feel very sick. The killer bee misses you. The killer bee stings you.
The killer bee closely misses you. You furiously retaliate!
You headbutt the killer bee!
You kill the killer bee!
Trog accepts your kill.
Your Dodging skill increases to level 7!
You feel sick.
You see here a killer bee corpse.
You feel sick.
You slash the two-headed ogre!
Your headbutt misses the two-headed ogre.
The two-headed ogre is moderately wounded.
You feel sick. The two-headed ogre barely misses you. You furiously retaliate!
You headbutt the two-headed ogre! The two-headed ogre closely misses you.
You slash the two-headed ogre!
The two-headed ogre is severely wounded.
You feel sick. The two-headed ogre closely misses you.
The two-headed ogre hits you with a +0 giant club!
You barely miss the two-headed ogre.
The two-headed ogre is severely wounded.
You feel sick.
The two-headed ogre hits you with a +0 giant club!
The two-headed ogre hits you with a +0 giant club!!
* * * LOW HITPOINT WARNING * * *
You are too injured to fight recklessly!
You feel sick.
You feel sick.
You are no longer poisoned.
Found a scroll labelled MIQOOKHL RICWIO.
The centaur shoots an arrow.
The arrow completely misses you.
The centaur shoots an arrow.
The arrow hits you.
* * * LOW HITPOINT WARNING * * *
The centaur shoots an arrow.
The arrow barely misses you.
The centaur shoots an arrow.
The arrow hits you but does no damage.
The two-headed ogre hits you with a +0 giant club!
* * * LOW HITPOINT WARNING * * *
The two-headed ogre hits you with a +0 giant club!
You die...

#.. #.. # #..## .# #...#
#...### ###.# #...#
#.....#######....# #...#
#....#...≈...#...# #...#
#....O@#...#.....# #...#
#.....##...##....#
#...####..c#...PPP...#.##
#..........#≈..P>PP.≈#.#
####.....<....#...PP....#.#
(......###..D...##..P##...#
..D....# #.......#...#....#
######D# #.....#...≈...#..#
# #.# #......#######...#


You could see a two-headed ogre and a centaur.

Vanquished Creatures
  Grinder (D:4)
  A steam dragon (D:7)
  3 orc warriors
  2 black bears
  5 ogres
  3 centaurs
  A phantom (D:6)
  Blork the orc (D:5)
  2 kobold brigands (D:7)
  3 bullfrogs
  A wyvern zombie (D:5)
  3 scorpions
  A water moccasin skeleton (D:7)
  14 killer bees
  12 wights
  2 bullfrog zombies
  3 centaur zombies
  2 hounds
  4 orc priests
  A bullfrog skeleton (D:5)
  6 gnoll shamans (D:7)
  Ijyb (D:5)
  An iguana (D:5)
  Natasha (thrice) (D:4)
  4 orc wizards
  2 killer bee zombies
  A hound zombie (D:5)
  2 howler monkey zombies (D:8)
  10 gnolls
  2 howler monkey skeletons (D:7)
  7 adders
  A shadow imp (D:8)
  A white imp (D:8)
  An ufetubus (D:5)
  An adder skeleton (D:5)
  4 worms
  A dart slug (D:3)
  21 orcs
  5 ball pythons
  4 endoplasms
  6 giant cockroaches
  5 goblins
  2 hobgoblins
  9 jackals
  3 quokkas
  A bat (D:3)
  2 frilled lizards
  9 kobolds
  8 rats
188 creatures vanquished.

Vanquished Creatures (others)
  5 fungi (D:7)
  11 plants
16 creatures vanquished.

Grand Total: 204 creatures vanquished

Notes
Turn   | Place    | Note
-------+----------+-------------------------------------------
     0 | D:1      | Zeld the Minotaur Berserker began the quest for the Orb.
     0 | D:1      | Reached XP level 1. HP: 19/19 MP: 0/0
   233 | D:1      | Reached XP level 2. HP: 12/27 MP: 1/1
   862 | D:2      | Reached XP level 3. HP: 30/33 MP: 2/2
   906 | D:2      | Reached ** piety under Trog
  1008 | D:2      | Identified the +4 ring mail of Duty {Str+2}
  1162 | D:2      | You fall into a shaft and drop 2 floors!
  1323 | D:3      | Found a faded altar of an unknown god.
  1327 | D:3      | Reached XP level 4. HP: 37/41 MP: 3/3
  1886 | D:3      | Reached skill level 5 in Fighting
  1886 | D:3      | Reached skill level 5 in Axes
  1940 | D:3      | Reached XP level 5. HP: 48/48 MP: 4/4
  3211 | D:4      | Noticed Grinder
  3220 | D:4      | Killed Grinder
  3221 | D:4      | Reached XP level 6. HP: 54/57 MP: 5/5
  3224 | D:4      | Reached *** piety under Trog
  3412 | D:4      | Noticed Natasha
  3419 | D:4      | Killed Natasha
  3454 | D:4      | Noticed Natasha
  3457 | D:4      | Killed Natasha
  3458 | D:4      | Reached XP level 7. HP: 62/64 MP: 6/6
  3504 | D:4      | Noticed Natasha
  3511 | D:4      | Killed Natasha
  3567 | D:5      | Entered Level 5 of the Dungeon
  3720 | D:5      | Found a sacrificial altar of Ru.
  3724 | D:5      | Found a bloodstained altar of Trog.
  3724 | D:5      | Found a hazy altar of Hepliaklqana.
  3727 | D:5      | Found an ancient bone altar of Kikubaaqudgha.
  3901 | D:5      | Noticed Ijyb
  3988 | D:5      | Killed Ijyb
  4124 | D:5      | Found a staircase to the Ecumenical Temple.
  4135 | Temple   | Entered the Ecumenical Temple
  4618 | D:6      | Noticed Blork the orc
  4626 | D:5      | Killed Blork the orc
  4953 | D:6      | Reached skill level 5 in Armour
  4953 | D:6      | Reached XP level 8. HP: 66/73 MP: 7/7
  5310 | D:6      | Found a broken altar of Ashenzari.
  5348 | D:6      | Identified the +10 falchion of Yfuqaq {elec, Int+4}
  5392 | D:6      | Reached skill level 5 in Dodging
  5736 | D:5      | Reached **** piety under Trog
  6429 | D:7      | Found Vewas's Book Boutique.
  6448 | D:7      | Reached XP level 9. HP: 64/83 MP: 8/8
  7219 | D:8      | Reached skill level 10 in Fighting
  7266 | D:8      | Reached skill level 10 in Axes
  7516 | D:8      | Reached ***** piety under Trog
  8340 | D:7      | Reached XP level 10. HP: 30/94 MP: 9/9
  9320 | D:9      | Found a staircase to the Lair.
  9484 | D:9      | Noticed a two-headed ogre
  9534 | D:9      | Slain by a two-headed ogre

Illustrated notes

Levels and vault maps discovered:
D:1:      kennysheep_arrival_forest, layout_basic
D:2:      layout_basic
D:3:      minmay_inner_zag, layout_basic, dreamdust_ecumenical_altar_statues
D:4:      layout_rooms, uniq_grinder, uniq_natasha
D:5:      layout_basic, grunt_temple_overflow_open,
          minmay_temple_entry_mini_moons, uniq_ijyb
D:6:      layout_rooms, nicolae_ashenzari_panopticon, uniq_blork_the_orc
D:7:      kennysheep_seaside_town, layout_basic, serial_shops,
          nicolae_shop_statue_plus, serial_bayou_pond_d,
          hangedman_abyss_or_decor_slice, nicolae_fountain_basement
D:8:      layout_rooms
D:9:      layout_small_grid, dpeg_oklobed_lair, serial_bayou,
          serial_bayou_pond_b, serial_bayou_pond_d, serial_bayou_pond_b,
          serial_bayou_pond_b
Temple:   minmay_crystal_spiral_temple

Skill      XL: |  1  2  3  4  5  6  7  8  9 10 |
---------------+-------------------------------+-----
Fighting       | 4 5 6 7 9 10 | 10.9
Axes           | 4 5 6 7 9 10 | 10.9
Armour         | 3 4 5 6 7 |  7.5
Dodging        | 3 4 5 6 7 |  7.0

Action                   |  1- 3 |  4- 6 |  7- 9 | 10-12 || total
-------------------------+-------+-------+-------+-------++-------
Melee: Hand axe          |    16 |       |       |       ||    16
       Headbutt          |    11 |    14 |    46 |     3 ||    74
       Whip              |    60 |    90 |   113 |       ||   263
       Unarmed           |       |       |    15 |       ||    15
       Falchion          |       |       |   144 |    29 ||   173
       Punch             |       |       |     1 |       ||     1
Invok: Berserk           |       |       |     2 |       ||     2
       Trog's Hand       |       |       |     1 |       ||     1
Evoke: Wand              |       |       |       |     1 ||     1
Armor: Animal skin       |     7 |       |       |       ||     7
       Ring mail         |    11 |    27 |    41 |       ||    79
       Plate armour      |       |       |   128 |    28 ||   156
Dodge: Dodged            |    50 |    61 |   196 |    47 ||   354
